 Dungeon Crawl Stone Soup version 0.30.1-3-gfc49f6343a (webtiles) character file.

Game seed: 15343125363511353924

52705 spardeous the Skirmisher (level 13, -1/107 HPs)
             Began as a Demigod Earth Elementalist on July 20, 2023.
             Slain by a bullfrog (5 damage)
             ... on level 5 of the Lair of Beasts.
             The game lasted 00:46:58 (22882 turns).

spardeous the Skirmisher (DgEE)                    Turns: 22882, Time: 00:46:59

Health: -1/107     AC: 17    Str: 13    XL:     13   Next: 95%
Magic:  8/30       EV: 16    Int: 29    God:
Gold:   1279       SH:  0    Dex: 14    Spells: 21/29 levels left

rFire   + . .        J - +9 shortbow "Oshetwitz" {freeze, rC++ SInv}
rCold   + + .        (shield currently unavailable)
rNeg    . . .        N - quicksilver dragon scales
rPois   .            X - +2 hat {SInv}
rElec   .            E - +0 cloak
rCorr   .            H - +0 pair of gloves
SInv    +            (no boots)
Will    ++...        G - amulet of regeneration
Stlth   +            j - ring of protection from fire
HPRegen 1.17/turn    m - +5 ring of evasion
MPRegen 0.22/turn

%: no passive effects
@: lethally poisoned (-1 -> -1), hasted, very quick
A: high MP 1, forlorn, divine attributes
a: no special abilities


You were on level 5 of the Lair of Beasts.
You visited 3 branches of the dungeon, and saw 18 of its levels.
You also visited: Sewer and Bailey.

You collected 1305 gold pieces.
You spent 26 gold pieces at shops.

Inventory:

Hand Weapons
 i - a +1 short sword of electrocution
 J - the +9 shortbow "Oshetwitz" (weapon) {freeze, rC++ SInv}
   (You found it on level 9 of the Dungeon)

   rC:        It greatly protects you from cold.
   SInv:      It lets you see invisible.
 O - the +0 short sword "Qogh" {protect, rElec Will- Dex+6}
   (You found it in a bailey)

   Dex:       It affects your dexterity (+6).
   rElec:     It insulates you from electricity.
   Will:      It decreases your willpower.
Missiles
 u - 3 throwing nets
Armour
 q - a scarf of harm
 E - a +0 cloak (worn)
 H - a +0 pair of gloves (worn)
 M - the +3 ice dragon scales of Skepticism {rF- rC++ rN+++ Regen+ Int+3 Slay-6}
   (You found it in a bailey)

   Int:       It affects your intelligence (+3).
   Slay:      It affects your accuracy & damage with ranged weapons and melee
   (-6).
   rF:        It makes you vulnerable to fire.
   rC:        It greatly protects you from cold.
   rN:        It renders you almost immune to negative energy.
   Regen:     It increases your rate of health regeneration.
 N - quicksilver dragon scales (worn)
 T - the +3 leather armour of Charity {*Slow rF+++ Regen+ Dex+5}
   (You found it on level 12 of the Dungeon)

   Dex:       It affects your dexterity (+5).
   rF:        It renders you almost immune to fire.
   Regen:     It increases your rate of health regeneration.
   *Slow:     It may slow you when you take damage.
 W - the +3 robe of a treasure trove {rPois Will+}
   (You found it on level 12 of the Dungeon)

   rPois:     It protects you from poison.
   Will:      It increases your willpower.
 X - a +2 hat of see invisible (worn)
 Z - a +1 hat
Jewellery
 j - a ring of protection from fire (left hand)
 m - a +5 ring of evasion (right hand)
 z - a ring of ice
 G - an amulet of regeneration (around neck)
Wands
 k - a wand of iceblast (14)
 n - a wand of flame (56)
 v - a wand of charming (12)
 Q - a wand of mindburst (1)
Scrolls
 d - a scroll of poison
 e - 3 scrolls of brand weapon
 l - 7 scrolls of fog
 o - 6 scrolls of teleportation
 p - 3 scrolls of enchant armour {unknown}
 s - 4 scrolls of amnesia {unknown}
 w - 3 scrolls of magic mapping {unknown}
 y - 3 scrolls of enchant weapon {unknown}
 C - a scroll of torment {unknown}
 F - a scroll of identify
 L - 2 scrolls of immolation {unknown}
 Y - a scroll of noise
Potions
 b - 6 potions of magic
 f - 4 potions of degeneration
 g - 5 potions of attraction
 h - 2 potions of lignification {unknown}
 x - 4 potions of resistance
 A - 5 potions of brilliance {unknown}
 B - 3 potions of mutation {unknown}
 D - 7 potions of flight {unknown}
 I - 3 potions of might
 K - 2 potions of invisibility {unknown}
 S - 2 potions of cancellation {unknown}
 V - a potion of ambrosia
Miscellaneous
 U - a phantom mirror


   Skills:
 - Level 8.0 Fighting
 + Level 11.6 Ranged Weapons
 - Level 8.4 Armour
 - Level 1.7 Dodging
 - Level 1.7 Stealth
 - Level 8.5 Spellcasting
 - Level 7.1 Conjurations
 - Level 8.0 Transmutations
 - Level 10.0 Earth Magic


You had 21 spell levels left.
You knew the following spells:

 Your Spells              Type           Power      Damage    Failure   Level
a - Sandblast             Erth           100%       2d20      1%          1
b - Stone Arrow           Conj/Erth      100%       3d13      1%          3
c - Petrify               Tmut/Erth      60%        N/A       1%          4

Your spell library contained the following spells:

 Spells                   Type           Power      Damage    Failure   Level
 Foxfire                  Conj/Fire      100%       2x1d9     1%          1
 Magic Dart               Conj           100%       1d8       1%          1
 Passwall                 Tmut/Erth      50%        N/A       1%          2
 Wereblood                Tmut           56%        N/A       1%          2
 Momentum Strike          Conj/Tloc      66%        3d9       2%          2
 Spider Form              Tmut/Pois      35%        N/A       4%          3
 Hailstorm                Conj/Ice       33%        3d8       5%          3
 Apportation              Tloc           24%        N/A       9%          1
 Freeze                   Ice            48%        1d6       9%          1
 Necrotise                Necr           48%        1d6       9%          1
 Summon Small Mammal      Summ           48%        N/A       9%          1
 Mephitic Cloud           Conj/Pois/Air  26%        N/A       9%          3
 Blink                    Tloc           24%        N/A       12%         2
 Call Imp                 Summ           24%        N/A       12%         2
 Ensorcelled Hibernation  Hex/Ice        24%        N/A       12%         2
 Lesser Beckoning         Tloc           24%        N/A       12%         2
 Sublimation of Blood     Necr           12%        N/A       12%         2
 Frozen Ramparts          Ice            24%        1d4       24%         3
 Ozocubu's Armour         Ice            12%        N/A       24%         3
 Vampiric Draining        Necr           12%        2d6       24%         3
 Alistair's Intoxication  Tmut/Pois      23%        N/A       41%         5
 Fireball                 Conj/Fire      16%        3d8       45%         5
 Anguish                  Hex/Necr       6%         N/A       63%         4
 Agony                    Necr           12%        N/A       92%         5
 Metabolic Englaciation   Hex/Ice        6%         N/A       92%         5
 Starburst                Conj/Fire      16%        6d6       96%         6
 Plasma Beam              Fire/Air       6%         2x1d18    100%        6
 Simulacrum               Ice/Necr       6%         N/A       100%        6
 Summon Hydra             Summ           6%         N/A       100%        7


Dungeon Overview and Level Annotations

Branches:
Dungeon (12/15)            Temple (1/1) D:5            Lair (5/5) D:9
 Shoals (0/4) Lair:2       Spider (0/4) Lair:3        Slime (0/5) Lair:4
    Orc (0/2) D:12          Sewer (visited)          Bailey (visited)

Shops:
D:2 ?

Annotations:
D:5 3 runed translucent doors, HotCheetoh's ghost, novice DsBe
Lair:2 2 transporters, Rem's ghost, journeyman OpCj
Lair:3 Rupert


Innate Abilities, Weirdness & Mutations

You have an increased reservoir of magic. (+10% MP)
You shall have no god before yourself.
Your divine heritage dramatically boosts your attributes as you level up.


Message History

Okay, then.
Casting: Stone Arrow (safe; 1% risk of failure)
Confirm with . or Enter, or press ? or * to list all spells.
Aiming: Petrify (mildly dangerous; 1% risk of failure)
Press: ? - help, Shift-Dir - straight line, f/p - wolf
Aim: a wolf (chance to affect: 75%)
Okay, then.
Casting: Petrify (mildly dangerous; 1% risk of failure)
Confirm with . or Enter, or press ? or * to list all spells.
Aiming: Stone Arrow (safe; 1% risk of failure)
Press: ? - help, Shift-Dir - straight line, f/p - wolf
Aim: a wolf (63% to hit)
The stone arrow hits the wolf!!
The wolf is almost dead.
You feel sick. The wolf bites you but does no damage. The wolf bites you.
* * * LOW HITPOINT WARNING * * *
The wolf bites you but does no damage. The bullfrog completely misses you.
The wolf closely misses you. The wolf bites you but does no damage.
The wolf barely misses you.
Casting: Stone Arrow (safe; 1% risk of failure)
Confirm with . or Enter, or press ? or * to list all spells.
Aiming: Stone Arrow (safe; 1% risk of failure)
Press: ? - help, Shift-Dir - straight line, f/p - wolf
Aim: a wolf (almost dead, 63% to hit)
The stone arrow hits the wolf!
You kill the wolf!
Your surroundings suddenly seem different.
A cane toad and 5 wolves come into view.
Found 19 gold pieces.
You feel sick.
The bullfrog gives a loud, deep croak!
The wolf howls! x2
The cane toad gives a loud, deep croak!
A blink frog comes into view.
The wolf howls!
You feel sick.
The wolf howls!
You feel yourself speed up.
You feel sick.
A vampire mosquito comes into view.
The bullfrog hits you but does no damage.
You feel sick. The wolf closely misses you. The bullfrog hits you.
You die...

....... ##.......
##..y..... ..$......
......... #........
##F....... #.@.......
#hh.......
#~hh.........
#..F........#
##~........$.#
#.~h..~......#
#~~~.~......##
##~≈~~..~....#
≈~~~~~~~##.~~~~..~...##


You could see a cane toad, a vampire mosquito (wandering), 5 wolves and a
bullfrog.

Vanquished Creatures
  Gastronok (Lair:1)
  Harold (Lair:1)
  3 hydras
  A boulder beetle (Lair:2)
  A catoblepas (Lair:1)
  4 death yaks
  3 two-headed ogres
  Sonja (Lair:2)
  Amaemon (D:8)
  2 skysharks (Lair:5)
  2 goliath frogs (Lair:5)
  A deep elf pyromancer (D:12)
  A bog body (Lair:3)
  An oklob plant (Lair:4)
  A manticore (Lair:2)
  2 cyclopes
  3 black mambas
  7 elephants
  An orange demon (D:8)
  2 torpor snails
  Maggie (Lair:2)
  2 gargoyles
  25 cane toads
  5 rime drakes
  11 komodo dragons
  2 kobold demonologists
  An ice devil (Lair:3)
  6 polar bears
  2 trolls
  A tyrant leech (Lair:4)
  A wind drake (Lair:2)
  Prince Ribbit (D:8)
  4 dream sheep (Lair:4)
  15 blink frogs
  A culicivora (Lair:3)
  A shadow (D:12)
  2 spriggans
  A vampire (D:10)
  5 wyverns
  33 yaks
  A wraith (D:9)
  Grum (D:8)
  4 basilisks
  2 steam dragons
  4 vampire mosquitoes
  A death yak simulacrum (Lair:3)
  An acid dragon (D:9)
  7 water moccasins
  4 black bears
  4 orc warriors
  An ice beast (D:5)
  5 centaurs
  7 ogres
  19 wolves
  2 phantoms
  3 kobold brigands
  A gnoll sergeant (D:12)
  15 bullfrogs
  A two-headed ogre simulacrum (Lair:3)
  3 scorpions
  5 killer bees (D:8)
  3 electric eels
  4 howler monkeys
  3 gnoll boudas
  4 hounds
  2 jellies
  7 orc priests
  3 sleepcaps
  3 iguanas
  Natasha (thrice) (D:2)
  9 orc wizards
  4 hell rats (Lair:3)
  A spriggan simulacrum (Lair:3)
  18 gnolls
  12 adders
  2 shadow imps
  A white imp (D:7)
  2 dart slugs
  28 orcs
  13 ball pythons
  4 bats
  3 endoplasms
  12 giant cockroaches
  6 goblins
  8 hobgoblins
  6 jackals
  6 quokkas
  8 frilled lizards
  19 kobolds
  3 rats (D:1)
447 creatures vanquished.

Notes
Turn   | Place    | Note
-------+----------+-------------------------------------------
     0 | D:1      | spardeous the Demigod Earth Elementalist began the quest
                  | for the Orb.
     0 | D:1      | Reached XP level 1. HP: 14/14 MP: 5/5
   199 | D:1      | Reached XP level 2. HP: 20/20 MP: 2/7
   889 | D:2      | Noticed Natasha
   892 | D:2      | Killed Natasha
   893 | D:2      | Reached XP level 3. HP: 18/26 MP: 3/8
  1144 | D:2      | Found Omask's Magic Scroll Boutique.
  1152 | D:2      | Reached XP level 4. HP: 33/33 MP: 6/9
  1242 | D:2      | Bought a scroll of identify for 26 gold pieces
  1266 | D:2      | Noticed Natasha
  1272 | D:2      | Killed Natasha
  1273 | D:2      | Reached skill level 5 in Earth Magic
  1413 | D:2      | Learned a level 3 spell: Stone Arrow
  1508 | D:2      | Noticed Natasha
  1513 | D:2      | Killed Natasha
  1711 | D:3      | Found a glowing drain.
  1778 | Sewer    | Entered a sewer
  1784 | Sewer    | Reached XP level 5. HP: 38/38 MP: 9/11
  2125 | Sewer    | Reached XP level 6. HP: 34/45 MP: 8/15
  2956 | D:3      | Learned a level 4 spell: Petrify
  3083 | D:4      | Reached skill level 1 in Conjurations
  3711 | D:5      | Entered Level 5 of the Dungeon
  3716 | D:5      | Found a staircase to the Ecumenical Temple.
  3731 | Temple   | Entered the Ecumenical Temple
  4281 | D:5      | Reached XP level 7. HP: 50/50 MP: 8/16
  4549 | D:5      | Reached skill level 5 in Conjurations
  4946 | D:5      | Found a runed translucent gate.
  4947 | D:5      | Found a runed translucent gate.
  4948 | D:5      | Found a runed translucent gate.
  4949 | D:5      | Noticed HotCheetoh's ghost (novice DsBe)
  5528 | D:6      | Reached XP level 8. HP: 27/57 MP: 8/17
  6706 | D:6      | Reached skill level 5 in Spellcasting
  7416 | D:7      | Reached skill level 1 in Transmutations
  7486 | D:7      | Reached XP level 9. HP: 62/62 MP: 16/23
  7966 | D:8      | Noticed Prince Ribbit
  7972 | D:8      | Killed Prince Ribbit
  8185 | D:8      | Noticed Amaemon
  8185 | D:8      | Noticed an orange demon
  8199 | D:8      | Killed Amaemon
  8484 | D:8      | Killed an orange demon
  8933 | D:8      | Noticed Grum
  8938 | D:8      | Killed Grum
  8939 | D:8      | Reached XP level 10. HP: 69/69 MP: 2/24
  9286 | D:8      | You fall into a shaft and drop 1 floor!
 10371 | D:9      | Identified the +9 shortbow "Oshetwitz" {freeze, rC++ SInv}
 10378 | D:9      | Found a staircase to the Lair.
 10495 | D:10     | Entered Level 10 of the Dungeon
 10642 | D:10     | Noticed a two-headed ogre
 10662 | D:10     | Killed a two-headed ogre
 10850 | D:10     | Found a flagged portal.
 10869 | Bailey   | Entered a bailey
 10974 | Bailey   | Noticed a two-headed ogre
 10979 | Bailey   | Killed a two-headed ogre
 11180 | Bailey   | Reached skill level 10 in Earth Magic
 11237 | Bailey   | Identified the +3 ice dragon scales of Skepticism {rF- rC++
                  | rN+++ Regen+ Int+3 Slay-6}
 11243 | Bailey   | Identified the +0 short sword "Qogh" {protect, rElec Will-
                  | Dex+6}
 11431 | D:10     | Reached XP level 11. HP: 74/74 MP: 21/25
 12050 | D:11     | Identified the staff of conjuration "Cojous" {rF+}
 12156 | D:11     | Reached skill level 1 in Fighting
 12909 | D:12     | Noticed a two-headed ogre
 12914 | D:12     | Killed a two-headed ogre
 12959 | D:12     | Found a staircase to the Orcish Mines.
 12966 | D:12     | Noticed a deep elf pyromancer
 12971 | D:12     | Killed a deep elf pyromancer
 12980 | D:12     | Identified the +3 leather armour of Charity {*Slow rF+++
                  | Regen+ Dex+5}
 13047 | D:12     | Identified the +3 robe of a treasure trove {rPois Will+}
 13189 | D:12     | Reached skill level 5 in Fighting
 14063 | Lair:1   | Entered Level 1 of the Lair of Beasts
 14262 | Lair:1   | Noticed a catoblepas
 14273 | Lair:1   | Killed a catoblepas
 14469 | Lair:1   | Noticed Gastronok
 14505 | Lair:1   | Killed Gastronok
 14506 | Lair:1   | Reached skill level 2 in Ranged Weapons
 14593 | Lair:1   | Reached skill level 3 in Ranged Weapons
 14615 | Lair:1   | Reached skill level 4 in Ranged Weapons
 14642 | Lair:1   | Reached XP level 12. HP: 40/101 MP: 12/27
 14807 | Lair:1   | Reached skill level 5 in Ranged Weapons
 15688 | Lair:1   | Reached skill level 6 in Ranged Weapons
 16064 | Lair:2   | Found a transporter.
 16064 | Lair:2   | Noticed a boulder beetle
 16083 | Lair:2   | Reached skill level 7 in Ranged Weapons
 16262 | Lair:2   | Noticed Rem's ghost (journeyman OpCj)
 16263 | Lair:2   | Found a transporter.
 16264 | Lair:2   | Noticed a boulder beetle
 16482 | Lair:2   | Noticed Harold
 16554 | Lair:2   | Noticed Maggie
 16554 | Lair:2   | Found a staircase to the Shoals.
 16714 | Lair:2   | Reached skill level 8 in Ranged Weapons
 16872 | Lair:2   | Killed Maggie
 16986 | Lair:2   | Reached skill level 1 in Armour
 17086 | Lair:2   | You fall into a shaft and drop 1 floor!
 17521 | Lair:3   | Noticed a four-headed hydra
 17582 | Lair:3   | Killed a four-headed hydra
 17636 | Lair:3   | Reached skill level 5 in Armour
 17926 | Lair:3   | Found a hole to the Spider Nest.
 18265 | Lair:3   | Reached XP level 13. HP: 73/107 MP: 28/28
 19224 | Lair:1   | Killed Harold
 19631 | Lair:2   | Noticed Sonja
 19634 | Lair:2   | Killed Sonja
 19979 | Lair:2   | Reached skill level 9 in Ranged Weapons
 20254 | Lair:4   | Noticed Rupert
 20277 | Lair:4   | Paralysed by Rupert for 5 turns
 20401 | Lair:4   | Found a staircase to the Slime Pits.
 21310 | Lair:5   | Entered Level 5 of the Lair of Beasts
 21728 | Lair:5   | Reached skill level 10 in Ranged Weapons
 22478 | Lair:5   | Reached skill level 11 in Ranged Weapons
 22878 | Lair:5   | HP: 4/107 [wolf (3)]
 22882 | Lair:5   | Slain by a bullfrog

Illustrated notes

Levels and vault maps discovered:
D:1:      dpeg_arrival_tiny_a, layout_basic, minmay_misc_feat_secret_circle
D:2:      layout_rooms, serial_shops, nicolae_diamond_shop, uniq_natasha
D:3:      layout_basic, mainiacjoe_overflow_six_doors_small,
          cheibrodos_sewer_entry_drain
D:4:      layout_loops_ring
D:5:      layout_basic, mainiacjoe_overflow_small_starburst,
          minmay_temple_entry_glass, gammafunk_ghost_necromancy,
          minmay_crossroads
D:6:      cheibrodos_thug_alley, layout_loops_ring,
          nicolae_elyvilon_temple_path, mainiacjoe_overflow_paths
D:7:      layout_basic, marbit_many_paths, corexii_leaking_fountain,
          grunt_decor_mini_mirrors
D:8:      layout_basic, uniq_grum, uniq_amaemon, uniq_prince_ribbit1
D:9:      layout_gridville, mainiacjoe_overflow_surrounded_room,
          erik_lair_dragon
D:10:     layout_loops_corners, lemuel_round_altar, enter_bailey_2,
          kennysheep_dice
D:11:     layout_loops_ring
D:12:     layout_cross, orc_0_dummy, chei_slow_surprise
Temple:   nicolae_temple_bog_church
Lair:1:   layout_layer_cave, st_stairs_8, minivault_11,
          gammafunk_lair_bear_cave, serial_bayou_shore_b, uniq_gastronok
Lair:2:   layout_loops_ring, minmay_shoals_entry_beasts, gammafunk_ghost_arena,
          beast_lair_carwin_3, uniq_harold, uniq_maggie, uniq_sonja
Lair:3:   dreamdust_isle_of_ice, layout_regular_city, spider_nest_entry_rubble,
          ldierk_geyser, st_stairs_7, chequers_serial_rivers_large_b
Lair:4:   layout_long_grid, slime_entry_1, grunt_forest_large_clearing_hut,
          uniq_rupert
Lair:5:   minmay_lair_end_frog_pond, layout_cave_pods, basic_altar,
          grunt_megastairs_5

Skill      XL: |  1  2  3  4  5  6  7  8  9 10 11 12 13 |
---------------+----------------------------------------+-----
Earth Magic    | 3 4 5 10 | 10.0
Spellcasting   | 2 4 6 7 8 |  8.5
Conjurations   | 4 6 7 |  7.1
Transmutations | 2 8 |  8.0
Fighting       | 8 |  8.0
Ranged Weapons | 4 8 11 | 11.6
Armour         | 6 8 |  8.4
Dodging        | |  1.7
Stealth        | |  1.7

Action                     |  1- 3 |  4- 6 |  7- 9 | 10-12 | 13-15 || total
---------------------------+-------+-------+-------+-------+-------++-------
  Melee: Unarmed           |     1 |       |       |       |       ||     1
         Short sword       |       |       |     6 |       |       ||     6
   Fire: Shortbow          |       |       |       |   407 |   398 ||   805
   Cast: Sandblast         |    47 |    88 |   100 |    66 |    11 ||   312
         Stone Arrow       |       |     4 |    95 |   204 |   115 ||   418
         Petrify           |       |       |       |    11 |    13 ||    24
  Evoke: Wand              |       |       |       |       |    15 ||    15
         Phantom mirror    |       |       |       |       |     1 ||     1
    Use: Scroll            |       |     7 |     1 |     1 |    14 ||    23
         Potion            |       |       |       |     8 |     6 ||    14
 Armour: Robe              |     2 |     3 |       |       |       ||     5
         Leather armour    |       |     8 |    10 |     5 |       ||    23
         Quicksilver drago |       |       |       |   238 |   200 ||   438
  Dodge: Dodged            |    12 |    18 |    62 |   457 |   460 ||  1009
